 Dungeon Crawl Stone Soup version 0.28.0 (webtiles) character file.

Game seed: 3049655600589346521

112 vvl the Stinger (level 4, -5/32 HPs)
             Began as a Demonspawn Venom Mage on Feb 9, 2022.
             Slain by Crazy Yiuf (11 damage)
             ... on level 2 of the Dungeon.
             The game lasted 00:05:27 (3452 turns).

vvl the Stinger (Demonspawn Venom Mage)             Turns: 3452, Time: 00:05:27

Health: -5/32      AC:  2    Str:  8    XL:     4   Next: 64%
Magic:  6/7        EV: 12    Int: 18    God:
Gold:   57         SH:  0    Dex: 14    Spells: 6/7 levels left

rFire   . . .      SeeInvis .   e - +0 short sword
rCold   . . .      Faith    .   (no shield)
rNeg    + . .      Spirit   .   a - +0 robe
rPois   .          Reflect  .   (no helmet)
rElec   .          Harm     .   (no cloak)
rCorr   .          Rampage  .   (no gloves)
Will    .....                   (no boots)
Stlth   +.........              (no amulet)
HPRegen 0.10/turn               d - ring of positive energy
MPRegen 0.20/turn               (no ring)

@: confused
A: ignite blood 1, magic regeneration, demonic touch 1
a: no special abilities


You were on level 2 of the Dungeon.
You visited 1 branch of the dungeon, and saw 2 of its levels.

You collected 57 gold pieces.

Inventory:

Hand Weapons
 e - a +0 short sword (weapon)
Armour
 a - a +0 robe (worn)
Magical Staves
 g - a staff of earth
Jewellery
 d - a ring of positive energy (left hand)
Wands
 k - a wand of paralysis (6)
 m - a wand of polymorph (9)
Scrolls
 b - a scroll of enchant armour {unknown}
 c - 4 scrolls of magic mapping {unknown}
 i - a scroll of blinking {unknown}
 j - a scroll of vulnerability {unknown}
 n - a scroll of identify {unknown}
Potions
 f - 2 potions of mutation {unknown}
 h - a potion of degeneration {unknown}
 l - 2 potions of attraction {unknown}


   Skills:
 + Level 1.2 Fighting
 + Level 2.3 Dodging
 - Level 2.0 Stealth
 + Level 2.3 Spellcasting
 + Level 1.2 Necromancy
 + Level 1.4 Transmutations
 + Level 0.4 Fire Magic
 + Level 0.5 Earth Magic
 * Level 3.8 Poison Magic


You had 6 spell levels left.
You knew the following spells:

 Your Spells              Type           Power      Damage    Failure   Level
a - Sting                 Tmut/Pois      44%        1d5       6%          1

Your spell library contained the following spells:

 Spells                   Type           Power      Damage    Failure   Level
 Poisonous Vapours        Pois/Air       18%        N/A       12%         2
 Ignite Poison            Fire/Tmut/Pois 9%         N/A       24%         3
 Mephitic Cloud           Conj/Pois/Air  6%         N/A       30%         3
 Olgreb's Toxic Radiance  Pois           15%        N/A       36%         4
 Freezing Cloud           Conj/Ice/Air   1%         6-21      99%         5


Dungeon Overview and Level Annotations

Branches:
Dungeon (2/15)

Altars:

Annotations:
D:2 Crazy Yiuf


Innate Abilities, Weirdness & Mutations

Your demonic aura sometimes causes spilled blood to erupt in flames.
You regenerate magic rapidly.
Your touch may inflict minor irresistible damage on your foes.


Message History

The frilled lizard hisses angrily.
The sting misses the frilled lizard.
The sting hits the frilled lizard.
The frilled lizard is poisoned.
You kill the frilled lizard!
You can't see any susceptible monsters within range! (Use Z to cast anyway.)
You can't see any susceptible monsters within range! (Use Z to cast anyway.)
c - 4 scrolls labelled JOCOUT SEJORPH (gained 3)
You now have 57 gold pieces (gained 5).
Found a mace.
Found a runed translucent door.
Crazy Yiuf cries, "You leg down broken song, no?"
Crazy Yiuf says, "Goldfish tired hand!"
Could not explore, unopened runed door.
Could not explore, unopened runed door.
Could not explore, unopened runed door.
You open the door.
Crazy Yiuf shouts!
The sting misses Crazy Yiuf.
Crazy Yiuf hits you with a +3 quarterstaff of chaos.
Crazy Yiuf freezes you.
The sting misses Crazy Yiuf.
Crazy Yiuf barely misses you.
The sting misses Crazy Yiuf.
Crazy Yiuf grits, "Goober ladder tea!"
Crazy Yiuf hits you with a +3 quarterstaff of chaos.
Crazy Yiuf burns you.
Crazy Yiuf grits, "Snoogle alas broken!"
Crazy Yiuf twirls on the spot.
Crazy Yiuf cries, "Iron!"
You are too injured to fight recklessly!
Casting: Sting (safe; 6% risk of failure)
Confirm with . or Enter, or press ? or * to list all spells.
Aiming: Sting (safe; 6% risk of failure)
Press: ? - help, Shift-Dir - straight line, f/p - Crazy Yiuf
Aim: Crazy Yiuf, wielding a +3 quarterstaff of chaos and wearing a +0 cloak (75% to hit)
The sting misses Crazy Yiuf.
Crazy Yiuf hits you with a +3 quarterstaff of chaos!
* * * LOW HITPOINT WARNING * * *
You are confused.
You bump into the rock wall.
Crazy Yiuf hits you with a +3 quarterstaff of chaos!
You die...

.# #.######...†........#.#####.#
.###.# #............#.### #.##
..##.# #.############...# #...
#.##.# #.# ##### #### #..#.# #.#
##.#.# ##.#### ###♣♣♣♣♣ ##.#.#
##.....# ##....♣.♣♣♣ #
##.#.####...##.#####......♣..♣#..
#...............@g.......♣♣♣♣.'..
#+#..####....#.#####....♣♣ ♣♣#..
....>..........########♣♣ #
..........#..........#
....##################
.....................#
....######.........### #####
.........'÷........# #....
.....#####.........# #.###


You could see Crazy Yiuf.

Vanquished Creatures
  Natasha (twice) (D:2)
  2 adders (D:2)
  4 ball pythons (D:2)
  2 bats (D:1)
  2 endoplasms (D:1)
  A giant cockroach (D:2)
  5 goblins (D:1)
  7 hobgoblins
  2 jackals (D:2)
  3 quokkas
  2 frilled lizards (D:2)
  6 kobolds
  4 rats
42 creatures vanquished.

Notes
Turn   | Place    | Note
-------+----------+-------------------------------------------
     0 | D:1      | vvl the Demonspawn Venom Mage began the quest for the Orb.
     0 | D:1      | Reached XP level 1. HP: 13/13 MP: 3/3
   197 | D:1      | Reached skill level 1 in Transmutations
   787 | D:1      | Gained mutation: You regenerate magic rapidly. [demonic
                  | ancestry]
   787 | D:1      | Reached XP level 2. HP: 17/20 MP: 0/5
  1353 | D:1      | Found a faded altar of an unknown god.
  2295 | D:2      | Gained mutation: Your demonic aura sometimes causes spilled
                  | blood to erupt in flames. [demonic ancestry]
  2295 | D:2      | Reached XP level 3. HP: 25/25 MP: 4/6
  2516 | D:2      | Noticed Natasha
  2525 | D:2      | Killed Natasha
  2526 | D:2      | Reached skill level 1 in Necromancy
  2739 | D:2      | Reached skill level 1 in Fighting
  2789 | D:2      | Discovered your monstrous ancestry.
  2789 | D:2      | Gained mutation: Your touch may inflict minor irresistible
                  | damage on your foes. [demonic ancestry]
  2789 | D:2      | Reached XP level 4. HP: 26/32 MP: 2/7
  3038 | D:2      | Noticed Natasha
  3055 | D:2      | Killed Natasha
  3353 | D:2      | Found a runed translucent door.
  3354 | D:2      | Noticed Crazy Yiuf
  3452 | D:2      | Slain by Crazy Yiuf

Illustrated notes

Levels and vault maps discovered:
D:1:      minmay_arrival_floating_metal, layout_basic,
          shapermc_ecumenical_altar_flowoftime
D:2:      layout_basic, minmay_split_cup_large, uniq_crazy_yiuf_cottage,
          uniq_natasha

Skill      XL: |  1  2  3 |
---------------+----------+-----
Transmutations | 1 |  1.4
Stealth        | 2 |  2.0
Dodging        | 2 |  2.3
Necromancy     | 1 |  1.2
Fighting       | 1 |  1.2
Spellcasting   | |  2.3
Fire Magic     | |  0.4
Earth Magic    | |  0.5
Poison Magic   | |  3.8

Action                   |  1- 3 |  4- 6 || total
-------------------------+-------+-------++-------
Melee: Unarmed           |    39 |       ||    39
       Punch             |     1 |       ||     1
       Short sword       |    12 |     5 ||    17
 Cast: Sting             |    79 |    24 ||   103
 Stab: Sleeping          |     1 |       ||     1
Armor: Robe              |    30 |     3 ||    33
Dodge: Dodged            |    86 |    16 ||   102
